 Seeded DCSS version 0.30.1-11-g7821555f0a (webtiles) character file.

Game seed: 430007637681659361 (custom seed)

94062 strifetoe the Fighter (level 16, -2/123 HPs)
             Began as a Djinni Conjurer on Nov 9, 2023.
             Was the Champion of Lugonu.
             Killed from afar by Jorgrun (29 damage)
             ... with an iron shot
             ... on level 1 of the Orcish Mines.
             The game lasted 01:49:43 (27744 turns).

strifetoe the Fighter (Djinni Conjurer)            Turns: 27744, Time: 01:49:44

Health: -2/123     AC: 25    Str: 15    XL:     16   Next: 58%
Gold:   1024       EV: 13    Int: 29    God:    Lugonu [******] SH:  5 Dex: 17

rFire   + + .        a - melded staff of conjuration
rCold   x . .        d - melded +3 buckler "Qamn" {Int+3}
rNeg    . . .        f - +0 shadow dragon scales "Majy" {rElec Regen+ Str+3 Dex+3 Stlth++++}
rPois   ∞            T - +2 hat {Int+3}
rElec   +            E - +1 cloak {rPois}
rCorr   .            o - melded +0 pair of gloves
SInv    .            (boots unavailable)
Will    ++...        n - amulet "Tekh" {Reflect +Blink Will+ Slay-5 SH+5}
Stlth   ++++         p - +4 ring of protection
HPRegen 1.20/turn    M - +6 ring of strength
MPRegen 0.00/turn

%: reflection, clarity, infuse magic (-3 HP)
@: blade hands, flying, studying Invocations
A: flying, sickness immunity, fire resistance 2, cold vulnerability 1, float,
innate caster, HP casting, extra vitality 1, horns 1, clarity, evolution 1,
sturdy frame 1
a: End Transformation, Renounce Religion, Evoke Blink, Depart the Abyss, Banish,
Corrupt, Enter the Abyss, Brand Weapon With Distortion


You were on level 1 of the Orcish Mines.
You worshipped Lugonu.
Lugonu was exalted by your worship.
You had blades for hands.
You visited 3 branches of the dungeon, and saw 21 of its levels.
You also visited: Ossuary.

You collected 2388 gold pieces.
You spent 1364 gold pieces at shops.

Inventory:

Hand Weapons
 b - a +3 short sword of flaming
Missiles
 y - 2 throwing nets
Armour
 d - the +3 buckler "Qamn" (melded) {Int+3}
   (You acquired it in an ossuary)

   Int:       It affects your intelligence (+3).
 f - the +0 shadow dragon scales "Majy" (worn) {rElec Regen+ Str+3 Dex+3 Stlth++++}
   (You found it on level 8 of the Dungeon)

   Str:       It affects your strength (+3).
   Dex:       It affects your dexterity (+3).
   rElec:     It insulates you from electricity.
   Regen:     It increases your rate of health regeneration.
   Stlth:     It makes you much more stealthy.
 g - a +2 robe of cold resistance
 l - the +0 cloak of the Volcano {rElec Dex+4 Slay-3}
   (You found it on level 13 of the Dungeon)

   Dex:       It affects your dexterity (+4).
   Slay:      It affects your accuracy & damage with ranged weapons and melee
   (-3).
   rElec:     It insulates you from electricity.
 o - a +0 pair of gloves (melded)
 E - a +1 cloak of poison resistance (worn)
 T - a +2 hat of intelligence (worn)
Magical Staves
 a - a staff of conjuration (melded)
Jewellery
 n - the amulet "Tekh" (around neck) {Reflect +Blink Will+ Slay-5 SH+5}
   (You acquired it on level 2 of the Dungeon)

   [amulet of reflection]

   It reflects blocked missile attacks.
   Slay:      It affects your accuracy & damage with ranged weapons and melee
   (-5).
   +Blink:    It lets you blink.
   SH:        It affects your SH (+5).
   Will:      It increases your willpower.
 p - a +4 ring of protection (left blade hand)
 w - a ring of resist corrosion
 M - a +6 ring of strength (right blade hand)
Wands
 k - a wand of flame (88)
 r - a wand of light (6)
 G - a wand of paralysis (11)
 I - a wand of iceblast (9)
 L - a wand of digging (4)
 P - a wand of mindburst (14)
 U - a wand of polymorph (4)
Scrolls
 e - 8 scrolls of identify
 m - a scroll of poison
 t - 3 scrolls of blinking
 v - 10 scrolls of teleportation
 D - a scroll of silence
 F - a scroll of fear
 H - a scroll of fog
 J - 4 scrolls of brand weapon
 O - 3 scrolls of magic mapping
 R - 2 scrolls of enchant weapon
Potions
 c - 2 potions of brilliance
 h - a potion of magic
 i - 7 potions of ambrosia
 j - 2 potions of resistance
 q - 3 potions of attraction
 s - 3 potions of haste
 u - a potion of cancellation
 z - 3 potions of heal wounds
 A - 5 potions of might
 B - 13 potions of curing
 C - 4 potions of mutation
 Q - a potion of lignification


   Skills:
 - Level 14.2 Fighting
 - Level 11.0 Armour
 - Level 12.1 Dodging
 - Level 2.1 Stealth
 - Level 4.2 Shields
 - Level 11.0 Unarmed Combat
 + Level 13.6 Spellcasting
 + Level 5.4 Invocations


You knew the following spells:

 Your Spells              Type           Power      Damage    Failure   Level
a - Magic Dart            Conj           100%       1d8       6%          1
b - Searing Ray           Conj           100%       2d8       7%          2
c - Dazzling Flash        Conj/Hex       100%       N/A       9%          3
d - Fulminant Prism       Conj/Hex       39%        3d17      12%         4
e - Iskenderun's Mystic   Conj/Tloc      78%        2d16      12%         4
f - Freeze                Ice            100%       1d10      6%          1
g - Ensorcelled Hibernat  Hex/Ice        100%       N/A       7%          2
h - Summon Guardian Gole  Hex/Summ       78%        N/A       9%          3
i - Dispel Undead         Necr           78%        3d26      12%         4
j - Blade Hands           Tmut           39%        N/A       19%         5
k - Alistair's Intoxicat  Tmut/Pois      52%        N/A       19%         5
l - Plasma Beam           Fire/Air       39%        2x1d57    43%         6
Your spell library was empty.

Dungeon Overview and Level Annotations

Branches:
Dungeon (14/15)            Temple (0/1) D:4            Lair (5/5) D:8
  Swamp (0/4) Lair:3       Spider (0/4) Lair:2        Slime (0/5) Lair:5
    Orc (2/2) D:11            Elf (0/3) Orc:2        Vaults (0/5) D:13
Ossuary (visited)

Altars:
Ashenzari
Dithmenos
Hepliaklqana
Nemelex Xobeh
Okawaru
Trog
Wu Jian
Yredelemnul
Jiyva
Lugonu

Shops:
D:6 !   Orc:2 =*[(:

Annotations:
Orc:1 Jorgrun


Innate Abilities, Weirdness & Mutations

You have blades for hands.
You are flying.
Your spellcasting is less reliable in this form.
You are incapable of wielding weapons or throwing items.
You are immune to sickness and miasma.
You are immune to poison.
Your flesh is very heat resistant. (rF++)
You are vulnerable to cold. (rC-)
You float through the air rather than walking.
You learn spells naturally, not from books.
Your magical power is your life essence.
You have superior vitality. (+4 MHP)
You have a pair of small horns on your head.
You possess an exceptional clarity of mind.
You have hidden genetic potential.
Your movements are slightly less encumbered by armour. (ER -2)


Message History

You now have 1024 gold pieces (gained 21).
Jorgrun Earthshaker comes into view.
He is wielding a staff of earth.
Jorgrun shouts!
You hear a shout!
Jorgrun is nearby!
Jorgrun is nearby!
Aiming: Paralyse
Press: ? - help, Shift-Dir - straight line, f - Jorgrun
Aim: Jorgrun, wielding a staff of earth and wearing a +0 robe (chance to affect: 0%)
Okay, then.
Okay, then.
Jorgrun says, "May tha earth consume ye!"
Jorgrun drinks a potion.
Jorgrun's spells are empowered!
An orc wizard comes into view. It is wielding a +0 dagger.
Your hands revert to their normal proportions.
Your staff of conjuration unmelds from your body.
Your +0 pair of gloves unmelds from your body.
The +3 buckler "Qamn" {Int+3} unmelds from your body.
The orc wizard shouts!
You hear a shout! x2
You hit Jorgrun but do no damage.
An orc comes into view. It is wielding a +0 trident.
Jorgrun gestures at you while chanting. The iron shot hits you!!!
Unknown command.
Casting: Blade Hands (mildly dangerous; 1% risk of failure)
Confirm with . or Enter, or press ? or * to list all spells.
Your hands turn into razor-sharp scythe blades.
Your staff of conjuration melds into your body.
Your +0 pair of gloves melds into your body.
The +3 buckler "Qamn" {Int+3} melds into your body.
The orc wizard casts a spell.
The orc wizard flickers and vanishes!
Deactivating autopickup; reactivate with Ctrl-A.
Jorgrun casts a spell at you. The iron shot hits you!!!
* * * LOW HITPOINT WARNING * * *
You hear a shout! x2
You hit Jorgrun but do no damage. Your headbutt misses Jorgrun.
Jorgrun gestures at you while chanting. The iron shot hits you!!
You die...

#....>)...##
#........### .....
#.#......#.#
##..... #
#.#.....# .......
#.#.....###.......
###...............
#............o#
##...........#
##.#...@g..#
###....####
##....# ##.### #.#
###


You could see Jorgrun (empowered) and an orc.

Vanquished Creatures
  Gastronok (Lair:2)
  A tengu reaver (D:14)
  Kirke (Lair:4)
  An orc warlord (Orc:2)
  A fire dragon (Lair:5)
  An ettin (D:14)
  Josephine (Orc:2)
  8 vault guards (D:13)
  4 hydras
  3 centaur warriors
  4 boulder beetles
  A tengu warrior (D:13)
  2 two-headed ogres
  16 death yaks
  Urug (Orc:1)
  3 orc high priests (Orc:2)
  A skyshark (Lair:5)
  Sonja (D:8)
  A skeletal warrior (D:8)
  A spectral death yak (Lair:3)
  A swamp dragon (Lair:5)
  A spectral hydra (Lair:3)
  5 lindwurms
  4 orc knights
  3 deep elf pyromancers
  A wolf spider (Lair:5)
  13 ugly things
  A cyclops (D:14)
  A necromancer (Lair:3)
  5 orc sorcerers
  A manticore (D:13)
  A spectral boulder beetle (Lair:3)
  8 black mambas
  Maurice (D:12)
  4 elephants (Lair:5)
  A guardian serpent (Lair:5)
  4 gargoyles
  13 cane toads
  2 kobold demonologists
  A torpor snail (Lair:2)
  7 komodo dragons
  An efreet (D:14)
  3 rime drakes
  A spectral skyshark (Lair:3)
  4 trolls
  A polar bear (Lair:4)
  3 hornets (Lair:5)
  A spectral elephant (Lair:3)
  Prince Ribbit (D:7)
  A spectral dream sheep (Lair:3)
  10 dream sheep
  8 slime creatures
  11 blink frogs
  A spectral black mamba (Lair:3)
  A culicivora (Lair:2)
  A shadow (D:9)
  3 wraiths (Orc:2)
  10 wyverns
  29 yaks
  2 hogs (Lair:4)
  5 steam dragons
  A basilisk (Lair:5)
  A redback (Lair:5)
  4 vampire mosquitoes (D:7)
  Menkaure (D:6)
  5 acid dragons
  18 water moccasins
  Duvessa (D:4)
  A swamp drake (Lair:5)
  An ice beast (D:7)
  2 hornet zombies (Ossuary)
  4 sky beasts
  6 ogres
  23 orc warriors
  8 centaurs
  A spectral basilisk (Lair:3)
  3 kobold brigands
  Blork the orc (D:6)
  10 bullfrogs
  A gnoll sergeant (Orc:2)
  A water moccasin zombie (Ossuary)
  11 wights
  Dowan (D:4)
  3 electric eels
  5 howler monkeys
  3 centaur zombies (Ossuary)
  7 bullfrog zombies (Ossuary)
  4 jellies
  20 orc priests
  4 hounds
  2 gnoll boudas
  13 mummies (Ossuary)
  Terence (D:2)
  8 iguanas
  3 sleepcaps
  21 orc wizards
  2 polar bear simulacra (Lair:3)
  3 killer bee zombies (Ossuary)
  A howler monkey zombie (Ossuary)
  Robin (D:4)
  16 gnolls
  8 adders
  2 white imps
  An ufetubus (D:5)
  3 worms
  4 dart slugs
  68 orcs
  9 endoplasms
  8 giant cockroaches
  15 goblins
  13 hobgoblins
  5 jackals
  5 quokkas
  12 ball pythons
  10 bats
  A frilled lizard (D:1)
  18 kobolds
  5 rats
637 creatures vanquished.

Vanquished Creatures (collateral kills)
  A shadow (D:12)
1 creature vanquished.

Vanquished Creatures (others)
  A centaur warrior (D:8)
  2 death yaks (D:8)
  A tengu warrior (D:14)
  A freezing wraith (D:14)
  A troll (D:8)
  A meliai (D:14)
  2 yaks
  3 vampire mosquitoes (D:10)
  An acid dragon (D:8)
  3 water moccasins (Lair:5)
  3 wights (D:8)
  Crazy Yiuf (D:5)
  A gnoll (D:5)
  An endoplasm (Lair:5)
  167 fulminant prisms
189 creatures vanquished.

Grand Total: 827 creatures vanquished

Notes
Turn   | Place    | Note
-------+----------+-------------------------------------------
     0 | D:1      | strifetoe the Djinni Conjurer began the quest for the Orb.
     0 | D:1      | strifetoe set off with the following spells memorised:
                  | Magic Dart, Searing Ray, Dazzling Flash, Fulminant Prism,
                  | Iskenderun's Mystic Blast.
     0 | D:1      | Reached XP level 1. HP: 15/15 MP: 0/0
   104 | D:1      | Reached XP level 2. HP: 20/21 MP: 0/0
   408 | D:1      | Reached XP level 3. HP: 21/25 MP: 0/0
   408 | D:1      | Learned a level 1 spell: Freeze
   758 | D:2      | Noticed Terence
   771 | D:2      | Killed Terence
   772 | D:2      | Reached XP level 4. HP: 14/31 MP: 0/0
   984 | D:2      | Identified 3 scrolls of acquirement
   984 | D:2      | Acquired 571 gold pieces
   986 | D:2      | Acquired the amulet "Tekh" {Reflect +Blink Will+ Slay-5
                  | SH+5}
   993 | D:2      | Acquired a staff of conjuration
  1000 | D:2      | Found a faded altar of an unknown god.
  1007 | D:2      | Prayed at the altar of an unknown god.
  1007 | D:2      | Became a worshipper of Lugonu the Unformed
  1007 | D:2      | Reached * piety under Lugonu
  1099 | D:2      | Acquired a +4 ring of protection
  1443 | D:3      | Found a bloodstained altar of Trog.
  1443 | D:3      | Found an ornate altar of the Wu Jian Council.
  1473 | D:3      | Reached XP level 5. HP: 33/35 MP: 0/0
  1473 | D:3      | Learned a level 2 spell: Ensorcelled Hibernation
  1873 | D:3      | Reached skill level 5 in Spellcasting
  1947 | D:3      | Reached ** piety under Lugonu
  2267 | D:3      | Reached XP level 6. HP: 39/40 MP: 0/0
  2609 | D:3      | Reached skill level 1 in Fighting
  2659 | D:3      | Found a sparkling altar of Nemelex Xobeh.
  2679 | D:3      | Found a basalt altar of Yredelemnul.
  3056 | D:4      | Found a staircase to the Ecumenical Temple.
  3151 | D:4      | Noticed Duvessa
  3162 | D:4      | Killed Duvessa
  3162 | D:4      | Noticed Dowan
  3163 | D:4      | Reached XP level 7. HP: 25/47 MP: 0/0
  3163 | D:4      | Learned a level 3 spell: Summon Guardian Golem
  3199 | D:4      | HP: 2/47 [Dowan/+0 dagger (1)]
  3208 | D:4      | Killed Dowan
  3373 | D:4      | Noticed Robin
  3377 | D:4      | Killed Robin
  3502 | D:4      | Reached *** piety under Lugonu
  4192 | D:5      | Entered Level 5 of the Dungeon
  4275 | D:5      | Reached skill level 2 in Fighting
  4436 | D:5      | Noticed a shadow
  4518 | D:4      | Reached XP level 8. HP: 41/55 MP: 0/0
  4564 | D:4      | Reached skill level 3 in Fighting
  4935 | D:5      | Reached skill level 4 in Fighting
  5046 | D:5      | Found a runed translucent door.
  5047 | D:5      | Noticed Crazy Yiuf
  5507 | D:5      | Banished a shadow
  5684 | D:5      | Killed Crazy Yiuf
  5685 | D:5      | Reached skill level 5 in Fighting
  5955 | D:6      | Found Ybrut's Distillery.
  5978 | D:6      | Reached XP level 9. HP: 37/65 MP: 0/0
  5978 | D:6      | Learned a level 4 spell: Dispel Undead
  6125 | D:6      | Found a broken altar of Ashenzari.
  6203 | D:6      | Reached **** piety under Lugonu
  6420 | D:6      | Noticed Blork the orc
  6433 | D:6      | Killed Blork the orc
  6543 | D:6      | Noticed Menkaure
  6556 | D:6      | Killed Menkaure
  7150 | D:7      | Noticed Prince Ribbit
  7163 | D:7      | Killed Prince Ribbit
  7319 | D:7      | Reached skill level 5 in Dodging
  7319 | D:7      | Reached XP level 10. HP: 62/72 MP: 0/0
  7398 | D:7      | Reached skill level 6 in Fighting
  7533 | D:7      | Reached skill level 7 in Fighting
  8102 | D:7      | Found a hazy altar of Hepliaklqana.
  8269 | D:7      | Found a shadowy altar of Dithmenos.
  8389 | D:8      | Found a sand-covered staircase.
  8394 | Ossuary  | Entered an ossuary
  8650 | Ossuary  | Reached skill level 5 in Invocations
  9182 | Ossuary  | Acquired a manual of Spellcasting
  9184 | Ossuary  | Acquired the +3 buckler "Qamn" {Int+3}
  9424 | D:8      | Reached XP level 11. HP: 73/79 MP: 0/0
  9424 | D:8      | Learned a level 5 spell: Blade Hands
  9488 | D:8      | Reached ***** piety under Lugonu
  9622 | D:8      | Noticed a centaur warrior
  9622 | D:8      | Noticed a cyan ugly thing
  9631 | D:8      | Killed a centaur warrior
  9678 | D:8      | Noticed a skeletal warrior
 10144 | D:8      | Reached skill level 10 in Spellcasting
 10298 | D:8      | Reached skill level 1 in Unarmed Combat
 10375 | D:8      | Noticed a death yak
 10379 | D:8      | Noticed a death yak
 10384 | D:8      | Noticed a death yak
 10397 | D:8      | Killed a death yak
 10401 | D:8      | Killed a death yak
 10402 | D:8      | Reached skill level 10 in Dodging
 10436 | D:8      | Killed a skeletal warrior
 10527 | D:8      | Found a staircase to the Lair.
 10718 | D:8      | Noticed a death yak
 10738 | D:8      | Killed a death yak
 10948 | D:8      | Killed a death yak
 11352 | D:8      | Killed a cyan ugly thing
 11353 | D:8      | Reached XP level 12. HP: 56/85 MP: 0/0
 11728 | D:8      | Reached skill level 5 in Unarmed Combat
 11781 | D:8      | Identified the +0 shadow dragon scales "Majy" {rElec Regen+
                  | Str+3 Dex+3 Stlth++++}
 11996 | D:9      | Noticed a two-headed ogre
 12007 | D:8      | Reached skill level 1 in Armour
 12007 | D:8      | Reached skill level 1 in Shields
 12064 | D:8      | Noticed a death yak
 12100 | D:8      | Killed a death yak
 13570 | D:10     | Entered Level 10 of the Dungeon
 13741 | D:10     | Noticed a soul eater
 13807 | D:10     | Found an iron altar of Okawaru.
 13960 | D:10     | Noticed a two-headed ogre
 13978 | D:10     | Killed a two-headed ogre
 14419 | D:10     | Reached skill level 5 in Armour
 14841 | D:11     | Noticed a boulder beetle
 14841 | D:11     | Found a staircase to the Orcish Mines.
 14950 | D:11     | Killed a boulder beetle
 15574 | D:11     | Identified the +5 great mace "Spiderslayer" {venom, rPois
                  | Str+2}
 15867 | Lair:1   | Entered Level 1 of the Lair of Beasts
 15896 | Lair:1   | Reached XP level 13. HP: 91/92 MP: 0/0
 15896 | Lair:1   | Learned a level 5 spell: Alistair's Intoxication
 15958 | Lair:1   | Noticed Sonja
 15975 | D:8      | Killed Sonja
 15976 | D:8      | Reached skill level 8 in Fighting
 16212 | Lair:1   | You are sucked into a shaft and drop 1 floor!
 16214 | Lair:2   | Found a hole to the Spider Nest.
 16749 | Lair:2   | Noticed an eight-headed hydra
 16799 | Lair:2   | Killed an eight-headed hydra
 16977 | Lair:2   | Noticed Gastronok
 16993 | Lair:2   | Killed Gastronok
 16994 | Lair:2   | Reached skill level 10 in Unarmed Combat
 17610 | Lair:3   | Identified the +1 leather armour "Fuodghelu" {Rampage Str-5
                  | Dex+7}
 18090 | Lair:3   | HP: 3/93 [polar bear simulacrum (24)]
 18192 | Lair:3   | Identified the +8 rapier of the Riding Pariah {flame,
                  | Fragile Str+5 Dex+2}
 18532 | Lair:3   | Found a staircase to the Swamp.
 18532 | Lair:3   | Noticed a ghost crab
 18532 | Lair:3   | Noticed a ghost crab
 18583 | Lair:3   | Banished a ghost crab
 18584 | Lair:3   | Banished a ghost crab
 18585 | Lair:3   | Reached XP level 14. HP: 24/99 MP: 0/0
 19084 | Lair:3   | Reached skill level 9 in Fighting
 19532 | Lair:4   | Reached ****** piety under Lugonu
 19698 | Lair:4   | Reached skill level 10 in Fighting
 19774 | Lair:4   | Noticed Kirke
 19883 | Lair:4   | Killed Kirke
 20438 | Lair:5   | Entered Level 5 of the Lair of Beasts
 20812 | Lair:5   | Identified the -1 kite shield of Geyro {rC+}
 21021 | Lair:5   | Reached skill level 11 in Fighting
 21550 | Lair:5   | Found a viscous altar of Jiyva.
 21559 | Lair:5   | Found a staircase to the Slime Pits.
 21587 | Lair:5   | Reached XP level 15. HP: 108/111 MP: 0/0
 21587 | Lair:5   | Learned a level 6 spell: Plasma Beam
 22445 | Lair:5   | Reached skill level 12 in Fighting
 22535 | Lair:5   | Identified the +0 leather armour of Tuem {Dex+7}
 22943 | D:12     | Noticed Maurice
 22953 | D:12     | Killed Maurice
 23789 | D:13     | Identified the +0 cloak of the Volcano {rElec Dex+4 Slay-3}
 24185 | D:13     | Found a gate to the Vaults.
 24664 | D:14     | Found a broken altar of Ashenzari.
 24691 | D:14     | Reached skill level 13 in Fighting
 24701 | D:14     | Reached XP level 16. HP: 121/121 MP: 0/0
 25244 | D:14     | Noticed a tengu reaver
 25567 | D:14     | Killed a tengu reaver
 25568 | D:14     | Reached skill level 10 in Armour
 25818 | Orc:1    | Entered Level 1 of the Orcish Mines
 25877 | Orc:2    | Entered Level 2 of the Orcish Mines
 26091 | Orc:2    | Found Iguimm's Vocational Training.
 26178 | Orc:1    | Noticed Urug
 26185 | Orc:1    | Killed Urug
 26509 | Orc:2    | Noticed Josephine
 26636 | Orc:2    | Killed Josephine
 26753 | Orc:2    | Gained mutation: You sometimes lose your temper in combat.
                  | [a neqoxec]
 26760 | Orc:2    | Gained mutation: You are dopey. (Int -2) [a neqoxec]
 26945 | Orc:1    | Lost mutation: You are dopey. (Int -2) [potion of mutation]
 26945 | Orc:1    | Lost mutation: You sometimes lose your temper in combat.
                  | [potion of mutation]
 26945 | Orc:1    | Gained mutation: Your movements are slightly less
                  | encumbered by armour. (ER -2) [potion of mutation]
 26945 | Orc:1    | Gained mutation: You possess an exceptional clarity of
                  | mind. [potion of mutation]
 26945 | Orc:1    | Gained mutation: You have hidden genetic potential. [potion
                  | of mutation]
 26945 | Orc:1    | Gained mutation: You have a pair of small horns on your
                  | head. [potion of mutation]
 27023 | Orc:2    | Reached skill level 14 in Fighting
 27238 | Orc:2    | Found a staircase to the Elven Halls.
 27596 | Orc:2    | Found Ecuawij's General Store.
 27597 | Orc:2    | Found Medav's Jewellery Shop.
 27598 | Orc:2    | Found Cevits's Antique Armour Shop.
 27598 | Orc:2    | Found Voruwn's Antique Weapon Boutique.
 27612 | Orc:2    | Bought a potion of curing for 42 gold pieces
 27612 | Orc:2    | Bought a potion of curing for 42 gold pieces
 27707 | Orc:2    | Bought a manual of Invocations for 1280 gold pieces
 27738 | Orc:1    | Noticed Jorgrun
 27744 | Orc:1    | Killed from afar by Jorgrun

Illustrated notes

Levels and vault maps discovered:
D:1:      wander_arrival_chamber, layout_basic, kennysheep_boxes
D:2:      layout_rooms, dilly_ecumenical_altar_fadedgnrine, basic_altar,
          uniq_terence
D:3:      layout_basic, mainiacjoe_overflow_swirl, jmf_multi_god_temple,
          minmay_puff
D:4:      layout_loops_corners, minmay_temple_entry_junction_2,
          minmay_joined_circles, uniq_robin, uniq_duvessa
D:5:      layout_layer_cave, uniq_crazy_yiuf_cottage
D:6:      layout_rooms, mainiacjoe_overflow_catwalk, serial_shops,
          nicolae_shop_statue_plus, serial_park_tiny_1, uniq_blork_the_orc,
          uniq_menkaure
D:7:      layout_loops_cross, mainiacjoe_overflow_surrounded_room,
          mainiacjoe_overflow_alcove_4, uniq_prince_ribbit1
D:8:      minmay_the_grid_triangle_9x9_rhombus_full
          [minmay_the_grid_triangle_9x9_zippers_horizontal,
          minmay_the_grid_triangle_9x9_descending_squares,
          minmay_the_grid_triangle_9x9_wacky_v,
          minmay_the_grid_triangle_9x9_corruption,
          minmay_the_grid_triangle_9x9_negative_grid,
          minmay_the_grid_triangle_9x9_zippers_vertical,
          minmay_the_grid_triangle_9x9_limited_checkers,
          minmay_the_grid_triangle_9x9_prize_insulated], layout_loops_corners,
          dpeg_lair_monsters, enter_ossuary_2
D:9:      cheibrodos_elevator_heist, layout_basic
D:10:     layout_roguey, mainiacjoe_overflow_alcove_1,
          mainiacjoe_overflow_24_doors, dreamdust_gnoll_shepherd
D:11:     layout_long_grid, orc_david_3
D:12:     layout_irregular_city, uniq_maurice
D:13:     layout_long_grid, erik_vaults_2
D:14:     layout_loops_cross, evilmike_ruin_ashenzari, hangedman_corner_corridor
Lair:1:   layout_regular_city, serial_bayou_shore_a, grunt_megastairs_3,
          lemuel_fruit_tree, uniq_sonja
Lair:2:   layout_layer_cave, spider_nest_entry_rubble, minmay_lindwurm_lava,
          uniq_gastronok
Lair:3:   layout_cave_pods, nicolae_swamp_entry_spooky, fungi_pond_lemuel,
          eino_house_with_fridge
Lair:4:   layout_cave_pods, grunt_forest_stairs_basic,
          nicolae_quartered_pool_medium, uniq_kirke
Lair:5:   hangedman_lair_tendril_chambers, layout_gridlike,
          guppyfry_lair_end_dragon, nicolae_slime_entry_slimehenge,
          serial_bayou_lagoon_b
Orc:1:    layout_diamond_mine, serial_shops, shop, minmay_orc_keep, uniq_snorg,
          uniq_jorgrun, uniq_fannar, uniq_urug
Orc:2:    st_orc_congregation, layout_caves, nicolae_shop_vocational,
          uniq_josephine

Skill      XL: |  1  2  3  4  5  6  7  8  9 10 11 12 13 14 15 16 |
---------------+-------------------------------------------------+-----
Spellcasting   | 4 5 6 8 11 12 13 | 13.6
Fighting       | 1 2 5 7 8 11 13 14 | 14.2
Dodging        | 3 4 5 8 10 11 12 | 12.1
Invocations    | 2 4 5 |  5.4
Unarmed Combat | 4 5 11 | 11.0
Armour         | 6 7 9 11 | 11.0
Shields        | 4 |  4.2
Stealth        | 2 |  2.1

Action                     |  1- 3 |  4- 6 |  7- 9 | 10-12 | 13-15 | 16-18 || total
---------------------------+-------+-------+-------+-------+-------+-------++-------
  Melee: Unarmed           |    10 |       |       |    42 |   636 |   318 ||  1006
         Whip              |     2 |    10 |    18 |       |       |       ||    30
         Staff             |       |     7 |     1 |       |    25 |    29 ||    62
         Short sword       |       |       |     2 |    85 |       |    18 ||   105
         Punch             |       |       |       |     1 |    64 |    26 ||    91
         Headbutt          |       |       |       |       |       |    51 ||    51
   Cast: Magic Dart        |    62 |   100 |    98 |    75 |    26 |     1 ||   362
         Searing Ray       |     4 |    37 |    64 |    80 |    14 |     2 ||   201
         Freeze            |       |     3 |     3 |     2 |     5 |       ||    13
         Ensorcelled Hiber |       |     3 |     1 |     1 |     8 |     1 ||    14
         Dazzling Flash    |       |     1 |     2 |       |       |       ||     3
         Summon Guardian G |       |       |     3 |    61 |    15 |     5 ||    84
         Fulminant Prism   |       |       |    15 |   114 |    34 |     4 ||   167
         Iskenderun's Myst |       |       |    13 |     6 |    16 |       ||    35
         Blade Hands       |       |       |       |     6 |    78 |    35 ||   119
         Plasma Beam       |       |       |       |       |     4 |     1 ||     5
         Alistair's Intoxi |       |       |       |       |     2 |     2 ||     4
 Invoke: Banish            |       |       |     1 |     1 |     4 |       ||     6
Ability: End Transformatio |       |       |       |       |     1 |       ||     1
  Evoke: Wand              |       |       |       |     1 |    10 |     1 ||    12
    Use: Scroll            |       |     4 |    19 |    10 |     4 |     6 ||    43
         Potion            |       |       |     3 |     1 |     4 |     6 ||    14
   Stab: Sleeping          |       |     1 |     1 |     2 |     2 |     1 ||     7
         Paralysed         |       |       |       |       |     3 |       ||     3
         Confused          |       |       |       |       |     3 |     1 ||     4
 Armour: Robe              |     2 |    15 |    41 |    55 |       |       ||   113
         Shadow dragon sca |       |       |       |    15 |   360 |   202 ||   577
  Dodge: Dodged            |     9 |    32 |    48 |    97 |   275 |   161 ||   622
  Block: Other             |       |    10 |    15 |    17 |   113 |    66 ||   221
         Buckler           |       |       |       |    85 |    87 |    56 ||   228
         Reflection        |       |       |       |     7 |     3 |     9 ||    19
